 Dungeon Crawl Stone Soup version 0.21-a0-437-ge5bf024 (webtiles) character file.

2256 varam the Grappler (level 9, -10/80 HPs)
             Began as a Troll Monk on Nov 10, 2017.
             Was a Believer of Makhleb.
             Mangled by an orc warrior
             ... wielding a +0 short sword
              (18 damage)
             ... on level 6 of the Dungeon.
             The game lasted 00:12:40 (4535 turns).

varam the Grappler (Troll Monk)                     Turns: 4535, Time: 00:12:41

Health: -10/80     AC:  7    Str: 21    XL:     9   Next: 15%
Magic:  8/8        EV: 10    Int:  9    God:    Makhleb [**....]
Gold:   300        SH:  0    Dex: 12    Spells: 8/8 levels left

rFire    . . .     SeeInvis .     - Unarmed
rCold    . . .     Gourm    +   (no shield)
rNeg     . . .     Faith    .   A - +0 robe (curse)
rPois    .         Spirit   .   (helmet restricted)
rElec    .         Reflect  .   y - +0 cloak
rCorr    .         Harm     .   (gloves unavailable)
MR       .....                  (boots unavailable)
Stlth    ++........             (no amulet)
HPRegen  0.63/turn              e - +1 ring of protection
MPRegen  0.11/turn              (no ring)

@: no status effects
A: unfitting armour, claws 3, fast metabolism 3, gourmand, regeneration 1,
shaggy fur 1, tough skin 2
a: Minor Destruction, Renounce Religion


You were on level 6 of the Dungeon.
You worshipped Makhleb.
Makhleb was pleased with you.
You were full.

You visited 1 branch of the dungeon, and saw 6 of its levels.
You also visited: Sewer.

You collected 300 gold pieces.

Inventory:

Missiles
 m - 192 stones (quivered)
 v - 12 tomahawks
 D - 5 tomahawks of returning
Armour
 a - a +0 robe
 y - a +0 cloak (worn)
 A - a cursed +0 robe (worn)
Jewellery
 e - a +1 ring of protection (left claw)
 E - an uncursed ring of protection from fire {unknown}
 I - an uncursed amulet of faith {unknown}
Wands
 r - a wand of enslavement (11/24)
Scrolls
 c - 7 scrolls of remove curse {unknown}
 d - 2 scrolls of fog {unknown}
 k - 6 scrolls of identify {unknown}
 n - a scroll of amnesia {unknown}
 q - 5 scrolls of teleportation {unknown}
 s - a scroll of immolation {unknown}
 t - 2 scrolls of recharging {unknown}
 F - a scroll of enchant armour {unknown}
 G - a scroll of torment {unknown}
 H - 3 scrolls of blinking {unknown}
Potions
 f - a potion of haste {unknown}
 g - 5 potions of curing {unknown}
 h - a potion of cancellation {unknown}
 i - a potion of agility {unknown}
 l - 2 potions of berserk rage {unknown}
 p - a potion of might {unknown}
 w - 2 potions of heal wounds {unknown}
 x - 3 potions of flight {unknown}
 z - 4 potions of mutation {unknown}
 J - a potion of lignification {unknown}
Books
 B - a book of Callings

   Spells                             Type                      Level
   a - Summon Small Mammal            Summoning                    1
   b - Call Imp                       Summoning                    2
   c - Call Canine Familiar           Summoning                    3
   d - Summon Guardian Golem          Hexes/Summoning              3
   e - Summon Lightning Spire         Summoning/Air                4
   f - Summon Ice Beast               Ice/Summoning                4
 C - a book of Changes

   Spells                             Type                      Level
   a - Beastly Appendage              Transmutation                1
   b - Sticks to Snakes               Transmutation                2
   c - Spider Form                    Transmutation/Poison         3
   d - Ice Form                       Ice/Transmutation            4
   e - Blade Hands                    Transmutation                5
Comestibles
 b - 6 bread rations
 j - 3 meat rations
 o - 2 royal jellies
 u - a fruit


   Skills:
 - Level 2.4 Fighting
 - Level 2.4 Dodging
 - Level 1.0 Stealth
 + Level 12.2 Unarmed Combat


You had 8 spell levels left.
You didn't know any spells.

Dungeon Overview and Level Annotations

Branches:
Dungeon (6/15)             Temple (0/1) D:5

Altars:
Hepliaklqana
Makhleb
Vehumet
Wu Jian
Xom
Zin

Shops:
D:4 %


Innate Abilities, Weirdness & Mutations

You are too large for most types of armour.
You have claws for hands.
Your metabolism is lightning-fast.
You like to eat raw meat.
Your natural rate of healing is unusually fast.
You are covered in fur. (AC +1)
You have very tough skin. (AC +2)


Message History

The orc wizard flickers and vanishes!
Deactivating autopickup; reactivate with Ctrl-A.
The orc warrior hits you with a short sword!
You scratch the orc warrior.
The orc warrior is heavily wounded.
You scratch the orc warrior but do no damage.
The orc warrior is heavily wounded.
The orc warrior misses you.
You barely miss the orc warrior.
The orc warrior is heavily wounded.
The orc warrior hits you with a short sword!
* * * LOW HITPOINT WARNING * * *
A hound comes into view.
Okay, then.
You scratch the orc warrior but do no damage.
The orc warrior is moderately wounded.
The hound bites you.
* * * LOW HITPOINT WARNING * * *
The orc warrior hits you with a short sword!!
You die...

..... ...# #..# #..#
##### #..# . ....#
#.o###.... ###.#
#......... #.#
#.######.#####....
#.#
#..h@o.o..####....
#.#
########..........
#.# ##.####.###
#.#################.#
#...................#
#####################


You could see an orc warrior, a hound and an orc.

Vanquished Creatures
  Pikel (D:4)
  A hippogriff (D:6)
  Menkaure (D:6)
  Duvessa (D:4)
  An ice beast (D:6)
  4 slaves (D:4)
  A sky beast (D:5)
  2 ogres
  2 phantoms
  A big kobold (Sewer)
  Dowan (D:4)
  3 crimson imps (D:5)
  5 hounds
  A bullfrog skeleton (D:5)
  A gnoll shaman (D:3)
  A centaur skeleton (D:4)
  Natasha (D:3)
  Terence (D:3)
  4 worker ants
  7 gnolls (D:3)
  9 adders
  2 river rats
  3 oozes (D:2)
  An adder skeleton (D:6)
  3 worms
  11 orcs
  9 bats
  13 giant cockroaches
  10 goblins
  10 hobgoblins
  5 jackals
  4 quokkas
  2 ball pythons
  9 frilled lizards
  13 kobolds
  A leopard gecko zombie (D:5)
  A quokka skeleton (D:5)
  11 rats
157 creatures vanquished.

Notes
Turn   | Place    | Note
-------+----------+-------------------------------------------
     0 | D:1      | varam the Troll Monk began the quest for the Orb.
     0 | D:1      | Reached XP level 1. HP: 22/22 MP: 0/0
   240 | D:1      | Reached XP level 2. HP: 29/29 MP: 1/1
   595 | D:2      | Reached skill level 4 in Unarmed Combat
   660 | D:2      | Reached XP level 3. HP: 36/36 MP: 2/2
   901 | D:2      | Reached XP level 4. HP: 44/44 MP: 3/3
   999 | D:2      | Reached skill level 5 in Unarmed Combat
  1226 | D:3      | Noticed Terence
  1390 | D:3      | Reached XP level 5. HP: 11/50 MP: 4/4
  1492 | D:3      | Found a glowing drain.
  1501 | Sewer    | Entered a sewer
  1509 | Sewer    | Reached skill level 6 in Unarmed Combat
  1640 | Sewer    | Found a white marble altar of Elyvilon.
  1919 | D:3      | Found a radiant altar of Vehumet.
  2114 | D:3      | Found a shimmering altar of Xom.
  2119 | D:3      | Reached XP level 6. HP: 59/59 MP: 5/5
  2144 | D:3      | Noticed Natasha
  2149 | D:3      | Killed Natasha
  2235 | D:3      | Found an ornate altar of the Wu Jian Council.
  2310 | D:3      | Killed Terence
  2310 | D:3      | Reached skill level 7 in Unarmed Combat
  2384 | D:4      | Noticed Duvessa
  2629 | D:4      | Killed Duvessa
  2629 | D:4      | Reached skill level 8 in Unarmed Combat
  2629 | D:4      | Reached XP level 7. HP: 56/66 MP: 6/6
  2652 | D:4      | Noticed Dowan
  2847 | D:4      | Killed Dowan
  3050 | D:4      | Reached skill level 9 in Unarmed Combat
  3110 | D:4      | Found a glowing silver altar of Zin.
  3110 | D:4      | Found a burning altar of Makhleb.
  3111 | D:4      | Noticed Pikel
  3178 | D:4      | Found a hazy altar of Hepliaklqana.
  3191 | D:4      | Killed Pikel
  3191 | D:4      | Reached skill level 10 in Unarmed Combat
  3191 | D:4      | Reached XP level 8. HP: 61/74 MP: 7/7
  3198 | D:4      | Became a worshipper of Makhleb the Destroyer
  3198 | D:4      | Reached * piety under Makhleb
  3198 | D:4      | Reached ** piety under Makhleb
  3312 | D:4      | Found Deneboeh's Food Shoppe.
  3430 | D:5      | Entered Level 5 of the Dungeon
  3430 | D:5      | Found a staircase to the Ecumenical Temple.
  3458 | D:5      | Reached skill level 11 in Unarmed Combat
  4309 | D:6      | Noticed Menkaure
  4315 | D:6      | Killed Menkaure
  4322 | D:6      | Reached XP level 9. HP: 80/80 MP: 8/8
  4389 | D:6      | Reached skill level 12 in Unarmed Combat
  4535 | D:6      | HP: 8/80 [hound (3)]
  4535 | D:6      | Mangled by an orc warrior

Vault maps used:
D:1:      ncdulo_lavacross, minmay_misc_feat_alley
D:2:      first_bread
D:3:      nicolae_overflow_crystal_walls, lemuel_doored_altar,
          lemuel_round_altar, cheibrodos_sewer_entry_sluice, grunt_ministairs_2,
          uniq_terence, uniq_natasha
D:4:      gammafunk_temple_overflow_forgotten, serial_shops, shop, uniq_duvessa,
          uniq_pikel
D:5:      minmay_temple_entry_statues_fountains
D:6:      chequers_temple_overflow_minitemple, tso_oasis_becter, uniq_menkaure
Sewer:    sewer_kobolds

Skill      XL: |  1  2  3  4  5  6  7  8  9 |
---------------+----------------------------+-----
Unarmed Combat | 4 5 6 8 10 11 12 | 12.2
Fighting       | |  2.4
Dodging        | |  2.4
Stealth        | |  1.0

Action                   |  1- 3 |  4- 6 |  7- 9 || total
-------------------------+-------+-------+-------++-------
Melee: Unarmed           |    83 |   170 |   164 ||   417
       Punch             |     2 |     5 |     8 ||    15
Throw: Stone             |     3 |     2 |       ||     5
 Stab: Sleeping          |       |     1 |     3 ||     4
  Eat: Chunk             |    14 |    16 |    15 ||    45
Armor: Robe              |    25 |    54 |    40 ||   119
Dodge: Dodged            |    29 |    97 |    67 ||   193

Table legend:
 A = Spawn XP
 B = Non-spawn XP
 C = Spawn XP percentage of total XP
 D = Spawn monster count
 E = Non-spawn monster count
 F = Spawn count percentage of total count
 G = Total turns spent on level
                    A         B        C        D         E        F      G
               +---------+---------+-------+---------+---------+-------+---------
         Total |       0 |    3223 |   0.0 |       0 |     153 |   0.0 |  4535
               +---------+---------+-------+---------+---------+-------+---------
           D:1 |       0 |      20 |   0.0 |       0 |      12 |   0.0 |   592
           D:2 |       0 |      83 |   0.0 |       0 |      34 |   0.0 |   537
           D:3 |       0 |     466 |   0.0 |       0 |      56 |   0.0 |  1469
           D:4 |       0 |    1252 |   0.0 |       0 |      18 |   0.0 |   627
           D:5 |       0 |     602 |   0.0 |       0 |      17 |   0.0 |   802
           D:6 |       0 |     676 |   0.0 |       0 |       7 |   0.0 |   303
         Sewer |       0 |     124 |   0.0 |       0 |       9 |   0.0 |   205
               +---------+---------+-------+---------+---------+-------+---------
